 Dungeon Crawl Stone Soup version 0.30-a0-639-g3916f1956a (webtiles) character file.

Game seed: 18214977121649767221

294 pokeman the Magician (level 6, -3/34 HPs)
             Began as a Deep Elf Hedge Wizard on Jan 16, 2023.
             Slain by an iguana (10 damage)
             ... on level 4 of the Dungeon.
             The game lasted 00:05:33 (3129 turns).

pokeman the Magician (Deep Elf Hedge Wizard)        Turns: 3129, Time: 00:05:34

Health: -3/34      AC:  3    Str:  7    XL:     6   Next: 11%
Magic:  9/17       EV: 13    Int: 21    God:
Gold:   178        SH:  0    Dex: 20    Spells: 10/18 levels left

rFire   . . .      SeeInvis .    k - +0 arbalest
rCold   . . .      Faith    .    (shield currently unavailable)
rNeg    . . .      Spirit   .    b - +0 robe
rPois   .          Reflect  .    p - +0 helmet
rElec   .          Harm     .    (no cloak)
rCorr   .          Rampage  .    (no gloves)
Will    .....                    (no boots)
Stlth   +++                      (no amulet)
HPRegen 0.25/turn                z - +6 ring of dexterity
MPRegen 0.15/turn                r - ring of wizardry

@: no status effects
A: no striking features
a: no special abilities


You were on level 4 of the Dungeon.
You visited 1 branch of the dungeon, and saw 4 of its levels.

You collected 178 gold pieces.

Inventory:

Hand Weapons
 k - a +0 arbalest (weapon)
 o - a +1 rapier of electrocution
 E - a +2 whip of venom
Armour
 b - a +0 robe (worn)
 p - a +0 helmet (worn)
 u - an orb of energy
Magical Staves
 v - a staff of fire
Jewellery
 g - an amulet of guardian spirit
 l - a ring of positive energy
 r - a ring of wizardry (right hand)
 z - a +6 ring of dexterity (left hand)
 B - a ring of ice
 C - a ring of flight
Wands
 y - a wand of iceblast (2)
Scrolls
 e - 3 scrolls of teleportation {unknown}
 h - 4 scrolls of identify {unknown}
 n - a scroll of noise {unknown}
 q - 2 scrolls of enchant armour {unknown}
 s - 2 scrolls of fear {unknown}
 t - a scroll of torment {unknown}
 x - a scroll of enchant weapon {unknown}
 A - a scroll of poison {unknown}
 D - a scroll of immolation {unknown}
Potions
 a - a potion of might {unknown}
 c - a potion of heal wounds {unknown}
 d - a potion of magic
 f - 2 potions of invisibility {unknown}
 i - a potion of berserk rage {unknown}
 j - 2 potions of curing {unknown}
 m - a potion of degeneration {unknown}
 w - a potion of lignification {unknown}


   Skills:
 + Level 1.0 Fighting
 - Level 1.0 Armour
 - Level 3.0 Dodging
 - Level 3.0 Stealth
 * Level 6.7 Spellcasting
 + Level 3.0 Conjurations
 + Level 1.1 Summonings
 - Level 1.1 Translocations
 + Level 1.0 Fire Magic
 - Level 1.0 Air Magic
 - Level 1.0 Poison Magic
 - Level 1.0 Evocations


You had 10 spell levels left.
You knew the following spells:

 Your Spells              Type           Power      Damage    Failure   Level
a - Magic Dart            Conj           76%        1d6       1%          1
b - Mephitic Cloud        Conj/Pois/Air  14%        N/A       6%          3
c - Call Imp              Summ           11%        N/A       3%          2
d - Blink                 Tloc           22%        N/A       3%          2

Your spell library contained the following spells:

 Spells                   Type           Power      Damage    Failure   Level
 Slow                     Hex            28%        N/A       3%          1
 Cigotuvi's Dreadful Rot  Necr/Pois/Air  20%        N/A       4%          2
 Sublimation of Blood     Necr           7%         N/A       6%          2
 Petrify                  Tmut/Erth      7%         N/A       32%         4
 Irradiate                Conj/Tmut      6%         3d13      45%         5


Dungeon Overview and Level Annotations

Branches:
Dungeon (4/15)
 Temple: D:4-7

Altars:
Cheibriados
Elyvilon

Shops:
D:2 (


Message History

Aiming: Magic Dart (safe; 1% risk of failure)
Press: ? - help, Shift-Dir - straight line, f/p - iguana
Aim: an iguana (heavily wounded, 100% to hit)
The magic dart hits the iguana but does no damage.
The iguana is heavily wounded.
The iguana bites you.
Casting: Magic Dart (safe; 1% risk of failure)
Confirm with . or Enter, or press ? or * to list all spells.
Aiming: Magic Dart (safe; 1% risk of failure)
Press: ? - help, Shift-Dir - straight line, f/p - iguana
Aim: an iguana (heavily wounded, 100% to hit)
The magic dart hits the iguana but does no damage.
The iguana is heavily wounded.
The iguana bites you!
Casting: Magic Dart (safe; 1% risk of failure)
Confirm with . or Enter, or press ? or * to list all spells.
Aiming: Magic Dart (safe; 1% risk of failure)
Press: ? - help, Shift-Dir - straight line, f/p - iguana
Aim: an iguana (heavily wounded, 100% to hit)
The magic dart hits the iguana.
The iguana is severely wounded.
The iguana misses you.
Casting: Magic Dart (safe; 1% risk of failure)
Confirm with . or Enter, or press ? or * to list all spells.
Aiming: Magic Dart (safe; 1% risk of failure)
Press: ? - help, Shift-Dir - straight line, f/p - iguana
Aim: an iguana (severely wounded, 100% to hit)
The magic dart hits the iguana but does no damage.
The iguana is severely wounded.
The iguana bites you!
* * * LOW HITPOINT WARNING * * *
Casting: Magic Dart (safe; 1% risk of failure)
Confirm with . or Enter, or press ? or * to list all spells.
Aiming: Magic Dart (safe; 1% risk of failure)
Press: ? - help, Shift-Dir - straight line, f/p - iguana
Aim: an iguana (severely wounded, 100% to hit)
The magic dart hits the iguana.
The iguana is severely wounded.
The iguana bites you!
You die...

#......# .......
#......# .......
...#<.....# .......
........#......# .......
........#......# .....
.......#......# #.!.
#...# #####.##
..##..l####...####.##.#.
.......@........).......
....................)...
.................†......
####.##..#..#.#..#.##...
#. ############.##... .
....... . #....... #.
#....... #.......


You could see an iguana.

Vanquished Creatures
  A hound (D:4)
  An orc priest (D:3)
  2 iguanas
  3 gnolls (D:2)
  7 adders
  2 worms (D:3)
  2 dart slugs (D:2)
  6 orcs (D:3)
  10 bats
  10 endoplasms
  8 giant cockroaches
  3 goblins
  4 hobgoblins
  2 quokkas
  6 ball pythons
  3 frilled lizards
  6 kobolds
  8 rats
84 creatures vanquished.

Notes
Turn   | Place    | Note
-------+----------+-------------------------------------------
     0 | D:1      | pokeman the Deep Elf Hedge Wizard began the quest for the
                  | Orb.
     0 | D:1      | Reached XP level 1. HP: 10/10 MP: 7/7
   317 | D:1      | Reached XP level 2. HP: 15/15 MP: 5/9
  1331 | D:2      | Reached skill level 5 in Spellcasting
  1331 | D:2      | Reached XP level 3. HP: 20/20 MP: 6/11
  1335 | D:2      | Learned a level 3 spell: Mephitic Cloud
  1338 | D:2      | Learned a level 2 spell: Call Imp
  1341 | D:2      | Learned a level 2 spell: Blink
  1428 | D:2      | Reached skill level 1 in Armour
  1525 | D:2      | Found a snail-covered altar of Cheibriados.
  1558 | D:2      | Reached skill level 1 in Fighting
  1561 | D:2      | Reached XP level 4. HP: 25/25 MP: 8/13
  2049 | D:2      | Found Vamogeky's Weapon Shop.
  2182 | D:3      | Reached skill level 6 in Spellcasting
  2182 | D:3      | Reached XP level 5. HP: 29/29 MP: 13/15
  2430 | D:3      | Found a white marble altar of Elyvilon.
  2618 | D:3      | Reached skill level 1 in Fire Magic
  2618 | D:3      | Reached skill level 1 in Evocations
  2981 | D:3      | Found a snail-covered altar of Cheibriados.
  3080 | D:4      | Reached skill level 1 in Air Magic
  3080 | D:4      | Reached skill level 1 in Poison Magic
  3080 | D:4      | Reached XP level 6. HP: 34/34 MP: 12/17
  3129 | D:4      | Slain by an iguana

Illustrated notes

Levels and vault maps discovered:
D:1:      lightli_molten_gateway, layout_basic
D:2:      layout_basic, serial_shops, shop, basic_altar, hex_tiny,
          minmay_tetromino_l2
D:3:      minmay_bubble_buster, layout_basic, elyvilon_altar_4,
          lemuel_doored_altar
D:4:      layout_gridville, minmay_temple_entry_fiery, minmay_pentomino_pile

Skill      XL: |  1  2  3  4  5 |
---------------+----------------+-----
Spellcasting   | 5 6 |  6.7
Armour         | 1 |  1.0
Fighting       | 1 |  1.0
Conjurations   | 2 3 |  3.0
Dodging        | 3 |  3.0
Stealth        | 3 |  3.0
Fire Magic     | 1 |  1.0
Evocations     | 1 |  1.0
Air Magic      | 1 |  1.0
Poison Magic   | 1 |  1.0
Summonings     | |  1.1
Translocations | |  1.1

Action                   |  1- 3 |  4- 6 || total
-------------------------+-------+-------++-------
Melee: Dagger            |     3 |       ||     3
 Fire: Arbalest          |    18 |    54 ||    72
 Cast: Magic Dart        |    52 |    64 ||   116
       Mephitic Cloud    |     1 |     1 ||     2
Armor: Robe              |     2 |     8 ||    10
Dodge: Dodged            |     9 |    29 ||    38

Table legend: (Time is in decaauts)
 A = Elapsed time spent in this place.
 B = Non-inter-level travel time spent in this place.
 C = Inter-level travel time spent in this place.
 D = Time resting spent in this place.
 E = Time spent auto-exploring this place.
 F = Levels seen in this place.
 G = Mean time per level.
                   A        B        C        D        E       F      G
               +--------+--------+--------+--------+--------+-----+--------+
         Total |   3190 |   3091 |     99 |      0 |   2632 |   4 |  797.5 |
       Dungeon |   3190 |   3091 |     99 |      0 |   2632 |   4 |  797.5 |
               +--------+--------+--------+--------+--------+-----+--------+

Top non-repeatable levels by time:
     D:1: 1330 daAuts
     D:3: 885 daAuts
     D:2: 873 daAuts
     D:4: 101 daAuts
